 Dungeon Crawl Stone Soup version 0.29-a0-398-ge13fd1374b (webtiles) character file.

Game seed: 7541904048728117299

286 pyrow613 the Conjurer (level 5, -3/41 HPs)
             Began as a Demigod Conjurer on May 12, 2022.
             Slain by a wyvern (16 damage)
             ... on level 7 of the Dungeon.
             The game lasted 00:08:50 (3660 turns).

pyrow613 the Conjurer (Demigod Conjurer)            Turns: 3660, Time: 00:08:51

Health: -3/41      AC:  4    Str: 12    XL:     5   Next: 80%
Magic:  7/12       EV: 12    Int: 20    God:
Gold:   214        SH:  0    Dex: 12    Spells: 6/9 levels left

rFire   . . .      SeeInvis .   e - +0 hunting sling (elec)
rCold   . . .      Faith    .   (no shield)
rNeg    . . .      Spirit   .   a - +0 robe
rPois   .          Reflect  .   r - +0 helmet
rElec   .          Harm     .   (no cloak)
rCorr   .          Rampage  .   t - +0 pair of gloves
Will    +....                   (no boots)
Stlth   ++........              (no amulet)
HPRegen 0.13/turn               o - ring of willpower
MPRegen 0.13/turn               (no ring)

@: no status effects
A: high MP 1, forlorn, divine attributes
a: no special abilities


You were on level 7 of the Dungeon.
You visited 1 branch of the dungeon, and saw 5 of its levels.

You collected 214 gold pieces.

Inventory:

Hand Weapons
 e - a +0 hunting sling of electrocution (weapon)
Missiles
 p - 3 poisoned darts
Armour
 a - a +0 robe (worn)
 r - a +0 helmet (worn)
 t - a +0 pair of gloves (worn)
Jewellery
 o - a ring of willpower (left hand)
Wands
 y - a wand of flame (24)
Scrolls
 f - a scroll of brand weapon
 g - 3 scrolls of identify
 h - a scroll of fog {unknown}
 l - a scroll of blinking {unknown}
 m - a scroll of magic mapping
 n - a scroll of acquirement {unknown}
 q - a scroll of vulnerability {unknown}
 s - a scroll of teleportation {unknown}
 v - a scroll of amnesia {unknown}
 x - a scroll of noise {unknown}
Potions
 b - 2 potions of magic
 c - a potion of flight {unknown}
 d - a potion of resistance {unknown}
 i - a potion of berserk rage {unknown}
 j - 2 potions of heal wounds {unknown}
 k - 2 potions of lignification {unknown}
 u - a potion of attraction {unknown}
 w - a potion of brilliance {unknown}
 z - a potion of ambrosia {unknown}


   Skills:
 + Level 2.1 Fighting
 - Level 1.8 Dodging
 + Level 3.2 Stealth
 + Level 2.8 Spellcasting
 * Level 5.0 Conjurations


You had 6 spell levels left.
You knew the following spells:

 Your Spells              Type           Power      Damage    Failure   Level
a - Magic Dart            Conj           92%        1d7       1%          1
b - Searing Ray           Conj           46%        2d6       2%          2

Your spell library contained the following spells:

 Spells                   Type           Power      Damage    Failure   Level
 Foxfire                  Conj/Fire      52%        2x1d6     4%          1
 Pain                     Necr           8%         1d4       14%         1
 Conjure Flame            Conj/Fire      13%        6-21      16%         3
 Dazzling Flash           Conj/Hex       26%        N/A       16%         3
 Inner Flame              Hex/Fire       2%         N/A       41%         3
 Flame Wave               Conj/Fire      13%        2d6       45%         4
 Fulminant Prism          Conj/Hex       6%         3d7       45%         4
 Iskenderun's Mystic Bla  Conj/Tloc      13%        2d5       45%         4
 Agony                    Necr           2%         N/A       99%         5
 Excruciating Wounds      Necr           1%         N/A       99%         5


Dungeon Overview and Level Annotations

Branches:
Dungeon (4/15)
 Temple: D:4-7

Annotations:
D:3 2 transporters, samgaumpmail's ghost, amateur DgCj


Innate Abilities, Weirdness & Mutations

You have an increased reservoir of magic. (+10% MP)
You shall have no god before yourself.
Your divine heritage dramatically boosts your attributes as you level up.


Message History

(Press . to maintain the ray.) Unknown command.
You start resting.
Magic restored.
As you read the scroll labelled HINUIN NUN, it crumbles to dust.
It is a scroll of brand weapon.
Your +0 hunting sling crackles with electricity.
e - a +0 hunting sling of electrocution (weapon)
As you read the scroll labelled TIEKIRI PESO, it crumbles to dust.
It is a scroll of identify.
m - 2 scrolls of magic mapping
As you read the scroll of magic mapping, it crumbles to dust.
You feel aware of your surroundings.
You sensed 3 altars.
You shoot a sling bullet.
The sling bullet hits the wyvern but does no damage.
The wyvern hisses angrily.
You hear a shout!
Casting: Searing Ray (safe; 2% risk of failure)
Confirm with . or Enter, or press ? or * to list all spells.
Aiming: Searing Ray (safe; 2% risk of failure)
Press: ? - help, Shift-Dir - straight line, f/p - wyvern
Aim: a wyvern (78% to hit)
The searing ray hits the wyvern.
The wyvern is lightly wounded. (Press . to maintain the ray.)
An orc wizard comes into view. It is wielding a +0 dagger.
The searing ray misses the wyvern.
The orc wizard shouts!
The searing ray hits the wyvern.
The wyvern is moderately wounded.
The wyvern misses you.
The searing ray hits the wyvern but does no damage.
The wyvern is moderately wounded.
You finish channelling your searing ray.
The wyvern bites you! x2
Unknown command.
The wyvern attacks as you move away! The wyvern completely misses you.
The wyvern barely misses you.
You see here a +0 short sword.
The wyvern attacks as you move away! The wyvern bites you!
You die...

**,*,,,,,,* ####**##**
***,#*,**,,,* #..,,,,.,*
*,..,,,,,,,,*
#§#****#.######.#.#*,**,,**
#§# #.#....?....,,*,*,**
#.# #.$....o....,,,,,,,,
#.# ###.####.###*,***,**
#.###### #l# *,* *** *,*
#......# #@# *,* *,*
######.# #.# *,* *<** #.#
#.# *,* *,,, #.# #.# *,*
**** #.# #.# **,* #.# #.#
*,,* #.# #.# *,#* ***** #.#
#.###.## *,,,*
#.###......### *,,,*


You could see a wyvern.

Vanquished Creatures
  A phantom (D:7)
  A scorpion (D:4)
  A hound (D:4)
  An orc wizard (D:3)
  2 gnolls (D:4)
  2 adders
  A worm (D:4)
  5 orcs
  4 bats
  6 endoplasms
  8 giant cockroaches
  3 goblins
  6 hobgoblins
  3 quokkas
  3 ball pythons
  2 frilled lizards (D:3)
  8 rats
57 creatures vanquished.

Notes
Turn   | Place    | Note
-------+----------+-------------------------------------------
     0 | D:1      | pyrow613 the Demigod Conjurer began the quest for the Orb.
     0 | D:1      | Reached XP level 1. HP: 14/14 MP: 5/5
   511 | D:1      | Reached XP level 2. HP: 20/20 MP: 7/7
   910 | D:1      | Learned a level 2 spell: Searing Ray
   973 | D:2      | Reached skill level 4 in Conjurations
  1266 | D:2      | Reached XP level 3. HP: 26/27 MP: 6/8
  2063 | D:3      | Reached skill level 1 in Fighting
  2116 | D:3      | Found a transporter.
  2120 | D:3      | Noticed an ice beast
  2121 | D:3      | Found a transporter.
  2121 | D:3      | Noticed samgaumpmail's ghost (amateur DgCj)
  2440 | D:3      | Reached XP level 4. HP: 24/35 MP: 1/10
  3276 | D:4      | Reached XP level 5. HP: 31/41 MP: 3/11
  3497 | D:4      | You fall into a shaft and drop 3 floors!
  3504 | D:7      | Reached skill level 5 in Conjurations
  3609 | D:7      | Noticed an orc warrior
  3621 | D:7      | Noticed a wyvern
  3660 | D:7      | Slain by a wyvern

Illustrated notes

Levels and vault maps discovered:
D:1:      onia_arrival_mini_maze, layout_rooms
D:2:      layout_loops_corners, shapermc_ecumenical_altar_notcrosses
D:3:      layout_rooms, nicolae_ru_the_path_less_chosen, serial_glass,
          glass_columns_a, glass_columns_b, glass_columns_b, glass_columns_a,
          glass_columns_a, gammafunk_ghost_arena, dreamdust_princess_bridge,
          nrook_mini_vaults
D:4:      layout_rooms
D:7:      layout_loops_ring, chequers_temple_overflow_statue_of_worship,
          uniq_prince_ribbit1, uniq_crazy_yiuf_cottage, uniq_joseph

Skill      XL: |  1  2  3  4  5 |
---------------+----------------+-----
Stealth        | 2 3 |  3.2
Spellcasting   | 2 |  2.8
Conjurations   | 4 5 |  5.0
Fighting       | 1 2 |  2.1
Dodging        | |  1.8

Action                   |  1- 3 |  4- 6 || total
-------------------------+-------+-------++-------
 Fire: Hunting sling     |    71 |    31 ||   102
Throw: Dart              |       |     4 ||     4
 Cast: Magic Dart        |    52 |     7 ||    59
       Searing Ray       |     3 |    12 ||    15
  Use: Scroll            |       |     3 ||     3
Armor: Robe              |     6 |     4 ||    10
Dodge: Dodged            |    33 |    22 ||    55

Table legend: (Time is in decaauts)
 A = Elapsed time spent in this place.
 B = Non-inter-level travel time spent in this place.
 C = Inter-level travel time spent in this place.
 D = Time resting spent in this place.
 E = Time spent auto-exploring this place.
 F = Levels seen in this place.
 G = Mean time per level.
                   A        B        C        D        E       F      G
               +--------+--------+--------+--------+--------+-----+--------+
         Total |   3710 |   3593 |    117 |    291 |   2790 |   5 |  742.0 |
       Dungeon |   3710 |   3593 |    117 |    291 |   2790 |   5 |  742.0 |
               +--------+--------+--------+--------+--------+-----+--------+

Top non-repeatable levels by time:
     D:2: 1218 daAuts
     D:1: 939 daAuts
     D:3: 880 daAuts
     D:4: 508 daAuts
     D:7: 163 daAuts
